Workbook

Sheet Question 1
A1: Name______________________________________
A2: Mid-term Examination
A3: FINC 5880
A4: Session 5

Sheet Question 2
A1: ='Question 1'!A1 -> Name______________________________________
A2: ='Question 1'!A2 -> Mid-term Examination
A3: ='Question 1'!A3 -> FINC 5880
A4: ='Question 1'!A4 -> Session 5
A34: b. What are the net operating cash flows in years 1, 2, and 3?
A44: c. Calculate the non-operating terminal year cash flow.
F47: =F37 -> 0
F48: =E46-F47 -> 0
A53: d. Calculate net present value. Should the machine be purchased?
A54: Cost of capital

Sheet Question 3
A1: ='Question 1'!A1 -> Name______________________________________
A2: ='Question 1'!A2 -> Mid-term Examination
A3: ='Question 1'!A3 -> FINC 5880
A4: ='Question 1'!A4 -> Session 5
A16: Net Income | B16: 8000000
A17: Equity | B17: 0.6
A18: Capital Budget | B18: 10000000
A19: Dividends | B19: =B16-(B18*B17) -> 2000000
A25: b. What is the company's dividend payout ratio if it pays the dividends calculated above?

Sheet Question 4
A1: ='Question 1'!A1 -> Name______________________________________
A2: ='Question 1'!A2 -> Mid-term Examination
A3: ='Question 1'!A3 -> FINC 5880
A4: ='Question 1'!A4 -> Session 5
B11: $ per 1 euro | C11: $ per 1 franc | D11: Peso per $1
A12: Spot rate | B12: 1.33 | C12: 1.08 | D12: 12.8
A13: 30-day forward rate | B13: 1.31 | C13: 1.11 | D13: 13.1
A14: 60-day forward rate | B14: 1.29 | C14: 1.22 | D14: 13.9

Sheet Question 5
A1: ='Question 1'!A1 -> Name______________________________________
A2: ='Question 1'!A2 -> Mid-term Examination
A3: ='Question 1'!A3 -> FINC 5880
A4: ='Question 1'!A4 -> Session 5

Sheet Question 6
A1: ='Question 1'!A1 -> Name______________________________________
A2: ='Question 1'!A2 -> Mid-term Examination
A3: ='Question 1'!A3 -> FINC 5880
A4: ='Question 1'!A4 -> Session 5
A13: Equipment cost | B13: 100000
A15: Current Balance Sheet
A16: Current assets | B16: 300000 | C16: Debt | D16: 400000
A17: Net Fixed assets | B17: 600000 | C17: Equity | D17: 500000
A18: Total assets | B18: =SUM(B16:B17) -> 900000 | C18: Total claims | D18: =SUM(D16:D17) -> 900000
A20: a. Current debt ratio
A25: b. Calculate the company's debt ratio if it purchases the equipment with debt.
A35: c. Calculate the company's debt ratio if it leases the equipment?

Sheet Question 7
A1: ='Question 1'!A1 -> Name______________________________________
A2: ='Question 1'!A2 -> Mid-term Examination
A3: ='Question 1'!A3 -> FINC 5880
A4: ='Question 1'!A4 -> Session 5
